 Dungeon Crawl Stone Soup version 0.28.0 (webtiles) character file.

Game seed: 16082611946795932491

21 Ayyar the Shield-Bearer (level 3, -3/29 HPs)
             Began as a Formicid Fighter on Apr 14, 2022.
             Succumbed to a goblin's poison
             ... on level 1 of the Dungeon.
             The game lasted 00:02:02 (509 turns).

Ayyar the Shield-Bearer (Formicid Fighter)           Turns: 509, Time: 00:02:03

Health: -3/29      AC:  8    Str: 22    XL:     3   Next: 5%
Magic:  3/3        EV:  9    Int:  7    God:
Gold:   28         SH:  4    Dex: 10    Spells: 2/2 levels left

rFire   . . .      SeeInvis +   a - +0 long sword
rCold   . . .      Faith    .   c - +0 buckler
rNeg    . . .      Spirit   .   b - +0 scale mail
rPois   .          Reflect  .   (helmet unavailable)
rElec   .          Harm     .   (no cloak)
rCorr   .          Rampage  .   h - +0 pair of gloves
Will    .....                   (no boots)
Stlth   ..........              (no amulet)
HPRegen 0.09/turn               (no ring)
MPRegen 0.08/turn               (no ring)

@: lethally poisoned (-3 -> -31)
A: permanent stasis, dig shafts and tunnels, antennae 3, four strong arms
a: Dig, Shaft Self


You were on level 1 of the Dungeon.
You visited 1 branch of the dungeon, and saw 1 of its levels.

You collected 28 gold pieces.

Inventory:

Hand Weapons
 a - a +0 long sword (weapon)
Armour
 b - a +0 scale mail (worn)
 c - a +0 buckler (worn)
 h - a +0 pair of gloves (worn)
Jewellery
 g - an amulet of magic regeneration
Scrolls
 e - a scroll of enchant armour {unknown}
 f - a scroll of immolation {unknown}
Potions
 d - a potion of might


   Skills:
 + Level 3.6 Fighting
 + Level 2.3 Long Blades
 + Level 3.5 Armour
 + Level 4.0 Shields


You had 2 spell levels left.
You didn't know any spells.
Your spell library was empty.

Dungeon Overview and Level Annotations

Branches:
Dungeon (1/15)

Altars:


Innate Abilities, Weirdness & Mutations

You cannot be hasted, slowed, berserked, paralysed or teleported.
You can dig through walls and to a lower floor.
You have a pair of large antennae on your head. (SInv)
Your four strong arms can wield two-handed weapons with a shield.


Message History

The frilled lizard closely misses you.
You slash the frilled lizard!
You kill the frilled lizard!
You now have 23 gold pieces (gained 8).
Found a stone staircase leading down.
You now have 28 gold pieces (gained 5).
You see here a +0 pair of gloves.
h - a +0 pair of gloves You start putting on your armour.
You continue putting on your +0 pair of gloves. x4
You finish putting on your +0 pair of gloves.
You sense a monster nearby.
You sense a monster nearby.
A goblin comes into view. It is wielding a +0 dagger of venom.
The goblin shouts!
You block the goblin's attack.
You barely miss the goblin. The goblin hits you but does no damage.
You are poisoned.
The goblin hits you but does no damage.
You are more poisoned.
You closely miss the goblin.
You feel extremely sick. The goblin hits you but does no damage.
You are lethally poisoned!
You closely miss the goblin.
You feel very sick. The goblin hits you but does no damage.
You are more poisoned.
You closely miss the goblin.
You feel extremely sick. The goblin hits you but does no damage.
You hit the goblin.
The goblin is severely wounded.
* * * LOW HITPOINT WARNING * * *
You feel very sick. The goblin hits you but does no damage.
You are more poisoned.
A dart slug comes into view.
The goblin closely misses you.
You die...

#.# #.## #.#
.>.# ... #..##
... { .... { #.#
#..# #.# #..#
#.# #..# #
###.#######..#.#
#..@.........#.#
#g#######......#
#. #.......# {#.
#..†....# #.
#.......# w.
#.#.##### #.
#.#.######### #.
#.#....†...[) #
#...###...#


You could see a goblin.

Vanquished Creatures
  3 bats (D:1)
  2 endoplasms (D:1)
  A giant cockroach (D:1)
  2 goblins (D:1)
  A hobgoblin (D:1)
  3 jackals (D:1)
  A kobold (D:1)
  3 frilled lizards (D:1)
  2 rats (D:1)
18 creatures vanquished.

Notes
Turn   | Place    | Note
-------+----------+-------------------------------------------
     0 | D:1      | Ayyar the Formicid Fighter began the quest for the Orb.
     0 | D:1      | Reached XP level 1. HP: 18/18 MP: 1/1
    89 | D:1      | Reached XP level 2. HP: 15/24 MP: 2/2
   365 | D:1      | Found a faded altar of an unknown god.
   367 | D:1      | Noticed a great orb of eyes
   368 | D:1      | Noticed a golden eye
   369 | D:1      | Noticed a floating eye
   369 | D:1      | Noticed a golden eye
   409 | D:1      | Reached skill level 4 in Shields
   409 | D:1      | Reached XP level 3. HP: 29/29 MP: 3/3
   509 | D:1      | Succumbed to a goblin's poison

Illustrated notes

Levels and vault maps discovered:
D:1:      amcnicky_arrival_flooded_fountain, layout_loops_ring,
          hellmonk_ecumenical_altar_watching_god

Skill      XL: |  1  2 |
---------------+-------+-----
Shields        | 4 |  4.0
Fighting       | |  3.6
Long Blades    | |  2.3
Armour         | |  3.5

Action                   || total
-------------------------++-------
Melee: Long sword        ||    54
Armor: Scale mail        ||    32
Dodge: Dodged            ||    31
Block: Buckler           ||    14
